 Dungeon Crawl Stone Soup version 0.28-a0-828-g0121872642 (webtiles) character file.

Game seed: 17827812800214160347

8607 funkygono the Arsonist (level 11, -1/59 HPs)
             Began as a Gargoyle Fire Elementalist on Nov 10, 2021.
             Was a Priest of Vehumet.
             Slain by a molten gargoyle (13 damage)
             ... on level 1 of the Lair of Beasts.
             The game lasted 00:23:55 (11732 turns).

funkygono the Arsonist (GrFE)                      Turns: 11732, Time: 00:23:55

Health: -1/59      AC: 17    Str: 17    XL:     11   Next: 33%
Magic:  17/24      EV: 11    Int: 20    God:    Vehumet [***...]
Gold:   856        SH:  0    Dex: 10    Spells: 19/29 levels left

rFire   + . .      SeeInvis +   s - +2 whip (flame)
rCold   + . .      Faith    .   (no shield)
rNeg    + . .      Spirit   .   w - +0 acid dragon scales
rPois   ∞          Reflect  .   (no helmet)
rElec   +          Harm     .   t - +2 cloak
rCorr   +          Rampage  .   (no gloves)
Will    .....                   (no boots)
Stlth   +.........              (no amulet)
HPRegen 0.19/turn               l - +6 ring of strength
MPRegen 0.19/turn               m - ring of see invisible

@: resistant
A: sickness immunity, AC +8, negative energy resistance 1, electricity
resistance, torment resistance 1, petrification resistance
a: Renounce Religion


You were on level 1 of the Lair of Beasts.
You worshipped Vehumet.
Vehumet was most pleased with you.
You visited 3 branches of the dungeon, and saw 12 of its levels.

You collected 1017 gold pieces.
You spent 161 gold pieces at shops.

Inventory:

Hand Weapons
 j - a +3 whip
 s - a +2 whip of flaming (weapon)
 C - a +5 mace
Armour
 a - a +1 robe
 b - a +1 leather armour of willpower
 g - the +1 robe "Meweutem" {Int+4}
   (You found it on level 10 of the Dungeon)

   Int:       It affects your intelligence (+4).
 t - a +2 cloak (worn)
 w - +0 acid dragon scales (worn)
 D - a +1 troll leather armour
Magical Staves
 r - a staff of fire
Jewellery
 l - a +6 ring of strength (left hand)
 m - a ring of see invisible (right hand)
 u - a ring of willpower
Wands
 y - a wand of acid (10) (quivered)
Scrolls
 f - 2 scrolls of immolation
 i - 2 scrolls of teleportation
 p - 2 scrolls of blinking
Potions
 d - 4 potions of invisibility
 e - 2 potions of brilliance
 h - 3 potions of curing
 k - 5 potions of flight
 n - a potion of magic
 v - 4 potions of attraction
 x - 7 potions of lignification
 z - a potion of haste {unknown}
 A - a potion of mutation {unknown}
 E - a potion of berserk rage {unknown}


   Skills:
 + Level 2.8 Fighting
 + Level 2.2 Maces & Flails
 + Level 1.9 Armour
 + Level 2.8 Dodging
 - Level 2.1 Stealth
 + Level 9.6 Spellcasting
 + Level 9.0 Conjurations
 + Level 10.7 Fire Magic


You had 19 spell levels left.
You knew the following spells:

 Your Spells              Type           Power      Damage    Failure   Level
a - Foxfire               Conj/Fire      100%       2x1d9     1%          1
b - Scorch                Fire           100%       2d10      1%          2
c - Conjure Flame         Conj/Fire      49%        6-21      1%          3
d - Flame Wave            Conj/Fire      49%        3d9       1%          4

Your spell library contained the following spells:

 Spells                   Type           Power      Damage    Failure   Level
 Dazzling Flash           Conj/Hex       54%        N/A       1%          3
 Inner Flame              Hex/Fire       31%        N/A       1%          3
 Passwall                 Tmut/Erth      7%         N/A       14%         2
 Swiftness                Air            9%         N/A       28%         3
 Alistair's Intoxication  Tmut/Pois      6%         N/A       95%         5
 Borgnjor's Vile Clutch   Necr/Erth      4%         N/A       95%         5
 Eringya's Noxious Bog    Tmut/Pois      4%         N/A       96%         6
 Malign Gateway           Summ/Tloc      4%         N/A       100%        7
 Summon Horrible Things   Summ           4%         N/A       100%        8


Dungeon Overview and Level Annotations

Branches:
Dungeon (10/15)            Temple (1/1) D:5            Lair (1/6) D:9
    Orc (0/2) D:10

Altars:
Ashenzari
Cheibriados
Dithmenos
Elyvilon
Fedhas
Gozag
Hepliaklqana
Kikubaaqudgha
Makhleb
Nemelex Xobeh
Okawaru
Qazlal
Ru
Sif Muna
Trog
Uskayaw
Vehumet
Wu Jian
Xom
Yredelemnul
Zin
The Shining One

Shops:
D:4 *   D:8 *


Innate Abilities, Weirdness & Mutations

You are immune to sickness and miasma.
Your stone body is resilient. (AC +8)
You are immune to poison.
You resist negative energy. (rN+)
You are resistant to electric shocks. (rElec)
You are resistant to unholy torment.
You are immune to petrification.


Message History

You hit the molten gargoyle but do no damage.
The molten gargoyle is moderately damaged.
The molten gargoyle hits you with a +0 mace!
* * * LOW HITPOINT WARNING * * *
You are engulfed in flames.
You resist.
* * * LOW HITPOINT WARNING * * *
You hit the molten gargoyle but do no damage.
The molten gargoyle is moderately damaged.
The molten gargoyle blasts magma at you!
The bolt of magma misses you.
You hit the molten gargoyle.
The molten gargoyle is moderately damaged.
The molten gargoyle barely misses you.
You feel much better.
The molten gargoyle blasts magma at you!
The bolt of magma misses you.
You hit the molten gargoyle but do no damage.
The molten gargoyle is moderately damaged.
The molten gargoyle blasts magma at you!
The bolt of magma misses you.
You hit the molten gargoyle but do no damage.
The molten gargoyle is moderately damaged.
The molten gargoyle blasts magma at you!
The bolt of magma misses you.
You hit the molten gargoyle but do no damage.
The molten gargoyle is moderately damaged.
The molten gargoyle hits you with a +0 mace.
You are engulfed in flames.
You resist.
You barely miss the molten gargoyle.
The molten gargoyle is moderately damaged.
The molten gargoyle hits you but does no damage.
You hit the molten gargoyle but do no damage.
The molten gargoyle is moderately damaged.
The molten gargoyle blasts magma at you!
The bolt of magma hits you! You partially resist.
* * * LOW HITPOINT WARNING * * *
You hit the molten gargoyle but do no damage.
The molten gargoyle is moderately damaged.
The molten gargoyle hits you with a +0 mace!
You die...

.[§.§..######..P#.....##
##§.............##.......
......###.###.##.....#.P
..........##.####.....#
#...##.......####......
#....#.................
#...##....##.####...#P#
#...##..<.##..# P...###
#.###...#9@...##.####...#
#......†#....##.##.#...###
#..≈≈≈≈.#....#..##......##
....≈≈#≈..............#####
.....≈##≈...................
.....≈≈≈≈..............##.P#
###.......##.####..#..######
############ #.##..# #
##.#..## #


You could see a molten gargoyle.

Vanquished Creatures
  2 trolls
  A polar bear (Lair:1)
  A shadow (D:10)
  A wraith (D:10)
  A wyvern (D:9)
  Eustachio (D:4)
  11 yaks
  3 humans (D:7)
  2 wargs (D:10)
  An acid dragon (D:10)
  2 water moccasins (D:7)
  5 orc warriors
  A sky beast (D:8)
  2 ice beasts
  3 black bears (D:6)
  A hornet zombie (D:9)
  3 ogres
  4 necrophages
  3 wolves (D:9)
  3 centaurs
  2 phantoms
  2 kobold brigands
  A bullfrog (Lair:1)
  2 scorpions
  5 killer bees (D:8)
  8 wights
  A howler monkey (D:4)
  4 centaur zombies
  7 hounds
  A jelly (D:3)
  6 orc priests
  A centaur skeleton (D:5)
  A gnoll shaman (D:7)
  3 iguanas
  13 orc wizards
  2 howler monkey zombies
  6 gnolls
  10 adders
  A howler monkey skeleton (D:7)
  A shadow imp (D:8)
  2 white imps
  An adder zombie (D:5)
  3 worms (D:2)
  6 dart slugs
  36 orcs
  7 ball pythons
  9 endoplasms
  5 giant cockroaches
  8 goblins
  7 hobgoblins
  6 jackals
  28 kobolds
  4 quokkas
  7 bats
  4 frilled lizards (D:1)
  5 rats
266 creatures vanquished.

Vanquished Creatures (others)
  866 foxfires
866 creatures vanquished.

Grand Total: 1132 creatures vanquished

Notes
Turn   | Place    | Note
-------+----------+-------------------------------------------
     0 | D:1      | funkygono the Gargoyle Fire Elementalist began the quest
                  | for the Orb.
     0 | D:1      | Reached XP level 1. HP: 10/10 MP: 3/3
   178 | D:1      | Reached XP level 2. HP: 15/15 MP: 0/5
   235 | D:1      | Learned a level 2 spell: Scorch
   442 | D:1      | Reached XP level 3. HP: 14/19 MP: 0/6
   446 | D:1      | Learned a level 3 spell: Conjure Flame
   881 | D:1      | Reached skill level 4 in Fire Magic
  1152 | D:2      | Reached XP level 4. HP: 24/24 MP: 3/7
  2025 | D:2      | Found a faded altar of an unknown god.
  2380 | D:3      | Reached XP level 5. HP: 28/28 MP: 3/9
  2913 | D:4      | Noticed a necrophage
  2917 | D:4      | Killed a necrophage
  2918 | D:4      | Reached XP level 6. HP: 32/32 MP: 4/11
  2923 | D:4      | Learned a level 4 spell: Flame Wave
  3073 | D:4      | Reached skill level 5 in Fire Magic
  3127 | D:4      | Found Cuast's Neck Hole.
  3501 | D:4      | Noticed Eustachio
  3520 | D:4      | Killed Eustachio
  3521 | D:4      | Reached XP level 7. HP: 13/37 MP: 0/13
  4117 | D:5      | Entered Level 5 of the Dungeon
  4253 | D:5      | Reached skill level 6 in Fire Magic
  4481 | D:5      | Reached XP level 8. HP: 42/42 MP: 12/15
  4583 | D:5      | Found a staircase to the Ecumenical Temple.
  4589 | Temple   | Entered the Ecumenical Temple
  4727 | Temple   | Became a worshipper of Vehumet
  4931 | D:5      | Reached skill level 5 in Conjurations
  5064 | D:5      | Reached skill level 5 in Spellcasting
  5142 | D:4      | Bought a +1 cloak for 161 gold pieces
  5513 | D:6      | Reached skill level 1 in Maces & Flails
  5519 | D:6      | Reached skill level 7 in Fire Magic
  5786 | D:6      | Reached skill level 1 in Fighting
  6170 | D:6      | Reached XP level 9. HP: 47/47 MP: 13/18
  6208 | D:6      | Reached * piety under Vehumet
  6208 | D:6      | Offered knowledge of Freeze by Vehumet.
  6877 | D:7      | Reached skill level 8 in Fire Magic
  7957 | D:8      | Reached XP level 10. HP: 33/52 MP: 16/21
  8158 | D:8      | Offered knowledge of Searing Ray by Vehumet.
  8188 | D:8      | Reached ** piety under Vehumet
  8193 | D:8      | Reached skill level 9 in Fire Magic
  8756 | D:8      | Found Lomieleo's Assorted Antiques.
  8853 | D:8      | Identified a scroll of acquirement
  8853 | D:8      | Acquired 344 gold pieces
  9374 | D:9      | Found a bloodstained altar of Trog.
  9527 | D:9      | Offered knowledge of Frozen Ramparts by Vehumet.
  9912 | D:9      | Found a staircase to the Lair.
 10026 | D:9      | Reached *** piety under Vehumet
 10308 | D:9      | Reached skill level 10 in Fire Magic
 10648 | D:10     | Entered Level 10 of the Dungeon
 10674 | D:10     | Found a staircase to the Orcish Mines.
 10786 | D:10     | Reached XP level 11. HP: 58/58 MP: 18/24
 10879 | D:10     | Identified the +1 robe "Meweutem" {Int+4}
 10940 | D:10     | Reached skill level 1 in Armour
 11215 | D:10     | Offered knowledge of Dazzling Flash by Vehumet.
 11585 | Lair:1   | Entered Level 1 of the Lair of Beasts
 11709 | Lair:1   | HP: 2/59 [polar bear (7)]
 11732 | Lair:1   | Slain by a molten gargoyle

Illustrated notes

Levels and vault maps discovered:
D:1:      dpeg_arrival_arbitrary_a, layout_rooms
D:2:      layout_loops_cross, shapermc_ecumenical_altar_venn
D:3:      layout_rooms, st_stairs_6, interstate_on_off
D:4:      layout_gridville, nicolae_shop_sticking_my_neck_out, uniq_eustachio
D:5:      layout_rooms, minmay_temple_entry_ruins, corexii_corridor_pit
D:6:      layout_basic, minmay_door_square
D:7:      layout_basic, minmay_ruffians
D:8:      layout_loops_cross, serial_shops, shop
D:9:      layout_basic, trog_hazing_becter, erik_lair_island,
          minmay_misc_feat_chi
D:10:     layout_roguey, david_orc_1_choice
Temple:   minmay_crystal_snake_temple
Lair:1:   layout_gridlike, gammafunk_ghost_hive, serial_bayou_shore_a

Skill      XL: |  1  2  3  4  5  6  7  8  9 10 11 |
---------------+----------------------------------+-----
Fire Magic     | 4 5 6 7 8 10 | 10.7
Conjurations   | 2 3 4 6 7 8 9 |  9.0
Spellcasting   | 3 4 6 7 9 |  9.6
Maces & Flails | 1 2 |  2.2
Dodging        | 2 |  2.8
Fighting       | 1 2 |  2.8
Armour         | 1 |  1.9
Stealth        | |  2.1

Action                   |  1- 3 |  4- 6 |  7- 9 | 10-12 || total
-------------------------+-------+-------+-------+-------++-------
Melee: Whip              |    10 |    17 |    91 |    53 ||   171
 Cast: Foxfire           |    62 |   111 |   190 |   160 ||   523
       Scorch            |       |     5 |    21 |    34 ||    60
       Conjure Flame     |       |       |     1 |       ||     1
       Flame Wave        |       |       |     3 |    13 ||    16
  Use: Scroll            |     4 |     5 |     6 |     6 ||    21
       Potion            |       |       |       |     4 ||     4
Armor: Robe              |     3 |     9 |    65 |    36 ||   113
       Troll leather arm |       |       |       |    38 ||    38
       Acid dragon scale |       |       |       |    14 ||    14
Dodge: Dodged            |    11 |    17 |    83 |   107 ||   218

Table legend: (Time is in decaauts)
 A = Elapsed time spent in this place.
 B = Non-inter-level travel time spent in this place.
 C = Inter-level travel time spent in this place.
 D = Time resting spent in this place.
 E = Time spent auto-exploring this place.
 F = Levels seen in this place.
 G = Mean time per level.
                   A        B        C        D        E       F      G
               +--------+--------+--------+--------+--------+-----+--------+
         Total |  11743 |  11376 |    367 |    112 |   9443 |  12 |  978.6 |
       Dungeon |  11389 |  11061 |    328 |    112 |   9201 |  10 | 1138.9 |
        Temple |    207 |    169 |     38 |      0 |    145 |   1 |  207.0 |
          Lair |    146 |    146 |      0 |      0 |     97 |   1 |  146.0 |
               +--------+--------+--------+--------+--------+-----+--------+

Top non-repeatable levels by time:
     D:9: 1820 daAuts
     D:6: 1374 daAuts
     D:4: 1257 daAuts
     D:7: 1214 daAuts
     D:2: 1166 daAuts
     D:8: 1105 daAuts
     D:1: 1033 daAuts
    D:10: 901 daAuts
     D:5: 801 daAuts
     D:3: 712 daAuts
  Temple: 207 daAuts
  Lair:1: 146 daAuts
